 Dungeon Crawl Stone Soup version 0.24-a0-291-g79c1ce7 (webtiles) character file.

Game seed: 2552084858327633106

6 Mgcat the Skirmisher (level 1, 0/18 HPs)
             Began as a Mummy Monk on May 9, 2019.
             Shot with a stone by something (3 damage)
             ... on level 1 of the Dungeon.
             The game lasted 00:00:43 (349 turns).

Mgcat the Skirmisher (Mummy Monk)                    Turns: 349, Time: 00:00:44

Health: 0/18       AC:  0    Str: 14    XL:     1   Next: 75%
Magic:  1/1        EV: 13    Int:  9    God:
Gold:   4          SH:  0    Dex: 14    Spells: 0/0 levels left

rFire    x . .     SeeInvis .     - Unarmed
rCold    + . .     Gourm    .   (no shield)
rNeg     + + +     Faith    .   (no armour)
rPois    ∞         Spirit   .   (no helmet)
rElec    .         Reflect  .   (no cloak)
rCorr    .         Harm     .   (no gloves)
MR       .....                  (no boots)
Stlth    ++........             (no amulet)
HPRegen  0.06/turn              (no ring)
MPRegen  0.07/turn              (no ring)

@: no status effects
A: no food or potions, fire vulnerability, cold resistance 1, negative energy
resistance 3, torment resistance, unbreathing
a: no special abilities


You were on level 1 of the Dungeon.
You were not hungry.

You visited 1 branch of the dungeon, and saw 1 of its levels.

You collected 4 gold pieces.

Inventory:

Scrolls
 a - a scroll of remove curse {unknown}


   Skills:
 - Level 3.0 Fighting
 - Level 2.4 Dodging
 + Level 2.2 Stealth
 - Level 2.4 Unarmed Combat


You couldn't memorise any spells.
You didn't know any spells.
Your spell library was empty.

Dungeon Overview and Level Annotations

Branches:
Dungeon (1/15)

Altars:


Innate Abilities, Weirdness & Mutations

You do not eat or drink.
Your flesh is vulnerable to fire.
You are immune to poison.
Your flesh is cold resistant. (rC+)
You are immune to negative energy. (rN+++)
You are immune to unholy pain and torment.
You can survive without breathing.


Message History

The goblin shouts!
You hit the kobold.
The kobold is severely wounded.
You hear an angry hiss.
The kobold barely misses you.
A goblin comes into view. It is wielding a +0 club.
You hit the kobold but do no damage.
The kobold is severely wounded.
The kobold hits you.
You take 1 damage, and have 13/18 hp.
You are too injured to fight recklessly!
You are too injured to fight recklessly!
You hit the kobold.
You kill the kobold!
A frilled lizard comes into view.
You see here a +0 club.
You see here 4 gold pieces.
You see here a scroll labeled BOIGAD YDYCKOATU.
You start resting.
The goblin is too close now for your liking.
You hit the goblin.
You kill the goblin!
You barely miss the goblin. The goblin barely misses you.
You closely miss the goblin. The goblin closely misses you.
You closely miss the goblin. You barely miss the goblin.
The goblin hits you with a +0 club.
You take 2 damage, and have 12/18 hp.
You barely miss the goblin. The goblin hits you with a +0 club.
You take 3 damage, and have 9/18 hp.
You hit the goblin.
You kill the goblin!
Your Stealth skill increases to level 2!
You start resting.
The frilled lizard is too close now for your liking.
You start resting.
The frilled lizard is too close now for your liking.
You hit the frilled lizard.
You kill the frilled lizard!
You start resting.
HP restored.
Health restored: 18 Drop what? 1/52 slots (_ for help) (? for menu, Esc to quit)
You start removing your armour.
You continue taking off your +0 robe. x4
You finish taking off your +0 robe.
You drop a +0 robe.
Items here: ) ††† a +0 club; a frilled lizard corpse; a goblin corpse x2
a - a scroll labeled BOIGAD YDYCKOATU Unknown command.
You now have 4 gold pieces.
Found a stone staircase leading down.
A kobold comes into view. It is wielding a +0 dagger.
The kobold shouts!
The kobold throws a stone.
The stone barely misses you.
You see here a stone.
You hit the kobold.
The kobold is moderately wounded.
The kobold hits you but does no damage.
You closely miss the kobold.
The kobold is moderately wounded.
The kobold hits you with a +0 dagger.
You take 4 damage, and have 14/18 hp.
MASSIVE DAMAGE!!
You hit the kobold.
The kobold is severely wounded.
The kobold barely misses you.
You hit the kobold but do no damage.
The kobold is severely wounded.
The kobold hits you with a +0 dagger.
You take 4 damage, and have 11/18 hp.
MASSIVE DAMAGE!!
You are too injured to fight recklessly!
You are too injured to fight recklessly!
You are too injured to fight recklessly!
You are too injured to fight recklessly!
You hit the kobold.
You kill the kobold!
A goblin comes into view. It is wielding a +0 hand axe.
You start resting.
HP restored.
Health restored: 18 No target in view!
You see here a ring mail.
Things that are here:
a +0 dagger; a kobold corpse The goblin is too close now for your liking.
A goblin is nearby!
The goblin drinks a potion.
The goblin flickers and vanishes!
Deactivating autopickup; reactivate with Ctrl-A.
No target in view!
No target in view!
No target in view!
A stone appears from out of thin air!
The stone hits you.
You see here a stone.
You take 2 damage, and have 16/18 hp.
A stone appears from out of thin air!
The stone hits you!
You take 7 damage, and have 9/18 hp.
MASSIVE DAMAGE!!
A stone appears from out of thin air!
The stone hits you.
* * * LOW HITPOINT WARNING * * *
You see here a stone.
You take 6 damage, and have 3/18 hp.
MASSIVE DAMAGE!!
A stone appears from out of thin air!
The stone hits you.
You die...

##..##......#.......#
..###..###).............#
...............###.###...#
....###...###.###..# ...#
.#>#.#.#.#####.###.####.###
.........#.....#........#
.#.#.#.#..(...........###
..............[.......#
#.#.#.#.....@)........#
..........(..........#
#.#.#.#........(......#
.......................#
............(..........#
...#.................##
.#..#...$..#.....##
...#....######### .........


There were no monsters in sight!

Vanquished Creatures
  A hobgoblin (D:1)
  2 kobolds (D:1)
  A frilled lizard (D:1)
  2 goblins (D:1)
6 creatures vanquished.

Notes
Turn   | Place    | Note
-------+----------+-------------------------------------------
     0 | D:1      | Mgcat the Mummy Monk began the quest for the Orb.
     0 | D:1      | Reached XP level 1. HP: 18/18 MP: 1/1
    35 | D:1      | Reached skill level 2 in Stealth
   348 | D:1      | HP: 3/18 [something (6)]
   349 | D:1      | Shot with a stone by something

Levels and vault maps discovered:
D:1:      minmay_arrival_five_plusses, layout_rooms, st_stairs_8

Skill      XL: |  1 |
---------------+----+-----
Stealth        | 2 |  2.2
Fighting       | |  3.0
Dodging        | |  2.4
Unarmed Combat | |  2.4

Action                   || total
-------------------------++-------
Melee: Unarmed           ||    21
Dodge: Dodged            ||     8

Table legend:
 A = Non-vault XP
 B = Vault XP
 C = Vault XP percentage of total XP
 D = Non-vault monster count
 E = Vault monster count
 F = Vault count percentage of total count
                 A         B        C        D         E       F
            +---------+---------+-------+---------+---------+-------
      Total |       7 |       2 |  22.2 |       5 |       1 |  16.7
            +---------+---------+-------+---------+---------+-------
        D:1 |       7 |       2 |  22.2 |       5 |       1 |  16.7
            +---------+---------+-------+---------+---------+-------

Levels and vault maps discovered:
D:1:      minmay_arrival_five_plusses, layout_rooms, st_stairs_8

Table legend:
 A = Turns spent in this place as a percentage of turns spent in the entire game.
 B = Non-inter-level travel turns spent in this place as a percentage of non-inter-level travel turns spent in the entire game.
 C = Inter-level travel turns spent in this place as a percentage of turns spent in this place.
 D = Turns resting spent in this place as a percentage of non-inter-level travel turns spent in this place.
 E = Turns spent auto-exploring this place as a percentage of non-inter-level travel turns spent in this place.
 F = Non-inter-level travel turns spent in this place divided by the number of levels of this place that you've seen.
                   A       B       C       D       E      F
               +-------+-------+-------+-------+-------+----------------------
         Total | 100.0 | 100.0 |   0.0 |  74.2 |   8.0 | 349.0
       Dungeon | 100.0 | 100.0 |   0.0 |  74.2 |   8.0 | 349.0
               +-------+-------+-------+-------+-------+----------------------

Table legend:
 A = Kills in this place as a percentage of kills in entire the game.
 B = Kills by you in this place as a percentage of kills by you in the entire game.
 C = Kills by friends in this place as a percentage of kills by friends in the entire game.
 D = Other kills in this place as a percentage of other kills in the entire game.
 E = Experience gained in this place as a percentage of experience gained in the entire game.
 F = Experience gained in this place divided by the number of levels of this place that you have seen.
                   A       B       C       D       E      F
               +-------+-------+-------+-------+-------+----------------------
         Total | 100.0 | 100.0 |   N/A |   N/A | 100.0 |   9.0
       Dungeon | 100.0 | 100.0 |   N/A |   N/A | 100.0 |   9.0
               +-------+-------+-------+-------+-------+----------------------
